 Dungeon Crawl Stone Soup version 0.31-a0-865-g3d5d91748a (webtiles) character file.

Game seed: 12518301412973757376

99975 wvc the Carver (level 16, 0/145 HPs)
             Began as a Gargoyle Earth Elementalist on Oct 10, 2023.
             Was the Champion of the Shining One.
             Shot with a bolt by a naga sharpshooter (22 damage)
             ... on level 2 of the Snake Pit.
             The game lasted 01:54:00 (30992 turns).

wvc the Carver (Gargoyle Earth Elementalist)       Turns: 30992, Time: 01:54:00

Health: 0/145      AC: 20    Str: 13    XL:     16   Next: 26%
Magic:  6/41       EV: 11    Int: 23    God:    the Shining One [******]
Gold:   1728       SH:  5    Dex: 10    Spells: 20/40 levels left

rFire   . . .        c - staff of conjuration
rCold   . . .        b - orb {light}
rNeg    + + +        L - +0 troll leather armour
rPois   ∞            g - +0 hat {Will+}
rElec   +            k - +0 cloak
rCorr   .            p - +1 pair of gloves
SInv    .            h - +0 pair of boots {rampage}
Will    ++...        Q - amulet of reflection Stlth
                     Y - ring of magical power
HPRegen 1.24/turn    x - ring of wizardry
MPRegen 0.27/turn

%: reflection, rampage, wizardry (x1)
@: berserking, flying, glowing, studying Shapeshifting, very quick
A: sickness immunity, AC +12, big wings, negative energy resistance 1,
electricity resistance, torment resistance 1, petrification resistance
a: Renounce Religion, Divine Shield, Cleansing Flame, Summon Divine Warrior,
Brand Weapon With Holy Wrath


You were on level 2 of the Snake Pit.
You worshipped the Shining One.
The Shining One was exalted by your worship.
You visited 5 branches of the dungeon, and saw 23 of its levels.
You also visited: Sewer, Ossuary and Volcano.

You collected 2397 gold pieces.
You spent 669 gold pieces at shops.

Inventory:

Hand Weapons
 O - the +6 long sword "Ogotriy" {flame, MP+9 Str+5}
   (You found it on level 5 of the Lair of Beasts)

   Str+5:     It affects your strength (+5).
   MP+9:      It affects your magic capacity (+9).
 S - a +0 demon whip of venom
Missiles
 f - 26 poisoned darts
 m - 3 curare-tipped darts
 Z - 3 atropa-tipped darts
Armour
 b - an orb of light (worn)
 g - a +0 hat of willpower (worn)
 h - a +0 pair of boots of rampaging (worn)
 k - a +0 cloak (worn)
 p - a +1 pair of gloves (worn)
 L - a +0 troll leather armour (worn)
 V - a +2 leather armour of fire resistance
 W - +0 fire dragon scales
Magical Staves
 c - a staff of conjuration (weapon)
 q - a staff of cold
Jewellery
 i - a +4 ring of protection
 x - a ring of wizardry (right hand)
 A - an amulet of the acrobat
 B - a ring of ice
 Q - an amulet of reflection (around neck)
 Y - a ring of magical power (left hand)
Wands
 r - a wand of polymorph (11)
 y - a wand of mindburst (26)
 F - a wand of flame (23)
 J - a wand of acid (4)
 K - a wand of digging (7)
 R - a wand of roots (4)
Scrolls
 a - 7 scrolls of teleportation
 d - 8 scrolls of immolation
 e - 3 scrolls of vulnerability
 l - a scroll of brand weapon
 u - 2 scrolls of fog
 w - 2 scrolls of amnesia
 D - 2 scrolls of fear
 H - 2 scrolls of enchant armour
 M - 2 scrolls of revelation
 N - 12 scrolls of identify
 T - 2 scrolls of noise
 U - a scroll of enchant weapon
 X - 2 scrolls of blinking
Potions
 j - 2 potions of berserk rage
 n - 2 potions of brilliance
 o - 9 potions of curing
 t - 4 potions of mutation
 v - a potion of might
 z - 4 potions of haste
 C - a potion of invisibility
 E - 2 potions of attraction
 G - 2 potions of enlightenment
 I - 2 potions of cancellation
 P - 2 potions of heal wounds
Miscellaneous
 s - a phial of floods


   Skills:
 - Level 10.0 Fighting
 - Level 14.0 Long Blades
 - Level 5.0 Armour
 - Level 1.5 Dodging
 - Level 2.1 Stealth
 - Level 12.9 Spellcasting
 - Level 12.0 Conjurations
 - Level 0.7 Transmutations
 + Level 9.0 Fire Magic
 - Level 12.7 Earth Magic
 - Level 5.0 Invocations


You had 20 spell levels left.
You knew the following spells:

 Your Spells              Type           Power      Damage    Failure   Level
a - Sandblast             Erth           100%       2d20      1%          1
b - Stone Arrow           Conj/Erth      100%       3d13      1%          3
c - Brom's Barrelling Bo  Conj/Erth      82%        2d9       1%          4
d - Sticky Flame          Conj/Fire      76%        2d9       1%          4
e - Starburst             Conj/Fire      38%        6d11      4%          6
f - Blink                 Tloc           28%        N/A       3%          2

Your spell library contained the following spells:

 Spells                   Type           Power      Damage    Failure   Level
 Passwall                 Tmut/Erth      37%        N/A       1%          2
 Dazzling Flash           Conj/Hex       100%       N/A       1%          3
 Ignite Poison            Fire/Tmut/Pois 29%        N/A       1%          3
 Volatile Blastmotes      Fire/Tloc      70%        2d15      1%          3
 Petrify                  Tmut/Erth      45%        N/A       1%          4
 Necrotise                Necr           56%        1d6       2%          1
 Lesser Beckoning         Tloc           28%        N/A       3%          2
 Borgnjor's Vile Clutch   Necr/Erth      22%        N/A       4%          5
 Irradiate                Conj/Tmut      30%        3d21      4%          5
 Gell's Gravitas          Tloc           14%        N/A       6%          3
 Teleport Other           Tloc           14%        N/A       6%          3
 Vampiric Draining        Necr           14%        2d7       6%          3
 Animate Dead             Necr           14%        N/A       21%         4
 Manifold Assault         Tloc           14%        N/A       21%         4
 Agony                    Necr           14%        N/A       47%         5
 Death Channel            Necr           7%         N/A       95%         6
 Dispersal                Tloc           7%         N/A       95%         6
 Ignition                 Fire           27%        3d9       96%         8
 Maxwell's Capacitive Co  Air            7%         ∞         100%        8
 Sublimation of Blood     Necr           Unusable   N/A       N/A         2

Dungeon Overview and Level Annotations

Branches:
Dungeon (13/15) Temple (1/1) D:7 Lair (5/5) D:9 Shoals (0/4) Lair:2 Snake (2/4) Lair:2 Slime (0/5) Lair:5 Orc (2/2) D:10 Elf (0/3) Orc:2 Vaults (0/5) D:12 D:13 Sewer (visited) Ossuary (visited) Volcano (visited)

Altars:
Ashenzari
Cheibriados
Dithmenos
Elyvilon
Fedhas
Gozag
Hepliaklqana
Kikubaaqudgha
Makhleb
Nemelex Xobeh
Okawaru
Qazlal
Ru
Sif Muna
Trog
Uskayaw
Vehumet
Wu Jian
Xom
Yredelemnul
Zin
The Shining One
Jiyva

Shops:
D:10 ?   Orc:2 ?(?(?

Annotations:
D:13 Urug


Innate Abilities, Weirdness & Mutations

You are immune to sickness and miasma.
Your stone body is resilient. (AC +12)
You are immune to poison.
Your large and strong wings let you fly.
You resist negative energy. (rN+)
You are resistant to electric shocks. (rElec)
You are resistant to unholy torment.
You are immune to petrification.


Message History

The shock serpent bites you but does no damage. x2
The naga spits poison at you.
The splash of poison hits you but does no damage.
You resist.
The shock serpent attacks as it pursues you!
You block the shock serpent's attack.
The shock serpent bites you but does no damage.
The shock serpent bites you! The shock serpent shocks you. You resist.
You hit the shock serpent but do no damage.
The shock serpent is heavily wounded.
The shock serpent misses you.
The shock serpent bites you but does no damage.
You hit the shock serpent but do no damage.
The shock serpent is heavily wounded.
The shock serpent bites you. The shock serpent shocks you. You resist.
You hit the shock serpent but do no damage.
The shock serpent is heavily wounded.
The shock serpent bites you but does no damage. x2
You hit the shock serpent but do no damage.
The shock serpent is heavily wounded.
The shock serpent shoots out a bolt of lightning at you!
The bolt of electricity hits you! You resist.
* * * LOW HITPOINT WARNING * * *
The shock serpent closely misses you.
The shock serpent attacks as it pursues you!
You block the shock serpent's attack.
The naga sharpshooter mumbles some strange words.
The naga sharpshooter magically shoots a bolt.
The bolt hits you!
* * * LOW HITPOINT WARNING * * *
There is a stone staircase leading down here.
A red film seems to cover your vision as you go berserk!
You feel yourself moving faster!
You feel mighty! The shock serpent bites you.
* * * LOW HITPOINT WARNING * * *
The shock serpent shocks you. You resist.
* * * LOW HITPOINT WARNING * * *
The naga sharpshooter mumbles some strange words.
The naga sharpshooter magically shoots a bolt.
The bolt hits you!!
You die...

#..[....._.....#...##.........S.
##.#..........###...#..###..###.
#..#........### #####.##.##†# .
##.###.#.#..# ....###...).# .
#.. .###..####............# S
#.. ..#......##..##.......## .
#..)...........####N........##.
#......#........#............##
...##......@SN............#
..##........[#..........####
.....###.....#.........##..#
#####.###..###........#...#
....#.#.##.#.##...###...#
#..........#..#.###.....#
..##......##......#......
#.......#.......##.....
.###...###........#.....


You could see a naga sharpshooter, a shock serpent and a naga.

Vanquished Creatures
  Gastronok (D:11)
  A nagaraja (Snake:2)
  Nessos (Lair:5)
  3 dire elephants (Lair:5)
  4 hydras
  4 ogre magi (Orc:2)
  6 boulder beetles
  2 anacondas
  A centaur warrior (D:11)
  12 two-headed ogres (Orc:2)
  12 death yaks
  An orc high priest (Orc:1)
  2 naga warriors
  5 shock serpents
  A hell knight (Volcano)
  Amaemon (Lair:1)
  2 skysharks (Lair:4)
  A spectral death yak (Lair:5)
  2 skeletal warriors (D:12)
  An obsidian statue (Lair:5)
  A spectral anaconda (Lair:5)
  2 naga ritualists (Snake:1)
  3 deep elf pyromancers (D:12)
  4 necromancers (Lair:5)
  3 mana vipers
  A lindwurm (Lair:5)
  5 ugly things
  4 cyclopes
  6 salamanders
  3 orc knights
  A manticore (D:12)
  9 black mambas
  16 elephants
  11 cane toads
  3 naga magi
  A guardian serpent (Snake:2)
  Joseph (D:9)
  An orange demon (Lair:1)
  A gargoyle (D:12)
  A kobold demonologist (D:11)
  5 rime drakes (Lair:4)
  8 komodo dragons
  9 trolls
  4 polar bears
  17 blink frogs
  A spectral elephant (Lair:5)
  5 slime creatures
  4 wraiths
  A shadow (D:11)
  14 wyverns
  3 vampires
  40 yaks
  A fire elemental (Lair:1)
  A human (D:12)
  A dire elephant simulacrum (Lair:5)
  2 fire bats (Lair:1)
  A death yak simulacrum (Lair:5)
  6 basilisks
  4 steam dragons
  6 vampire mosquitoes
  4 wargs
  4 acid dragons
  12 nagas
  13 water moccasins
  A hell hound (Lair:4)
  A sky beast (D:7)
  8 orc warriors
  A black bear (D:7)
  32 ogres
  An elephant skeleton (Lair:5)
  8 centaurs
  2 phantoms
  8 wolves (Lair:2)
  6 kobold brigands
  10 bullfrogs
  5 gnoll sergeants
  6 scorpions
  7 wights
  An oklob sapling (D:7)
  13 killer bees
  4 howler monkeys
  3 electric eels
  8 jellies
  5 orc priests
  5 hounds
  2 iguanas
  A scorpion zombie (D:3)
  9 orc wizards
  A sleepcap (D:6)
  Natasha (twice) (D:3)
  12 hell rats
  A hound zombie (D:3)
  8 mummies (Ossuary)
  11 adders
  10 river rats
  10 gnolls
  A shadow imp (D:7)
  4 white imps
  2 ufetubi
  2 adder zombies (D:3)
  A worm zombie (D:7)
  11 worms
  4 dart slugs
  37 orcs
  3 bats
  9 endoplasms
  3 giant cockroaches (D:2)
  2 gnoll zombies (Ossuary)
  7 goblins
  7 hobgoblins
  4 jackals
  17 kobolds
  A quokka (D:1)
  9 ball pythons
  7 frilled lizards
  2 hobgoblin zombies (Ossuary)
  2 kobold zombies (Ossuary)
  2 orc zombies (Ossuary)
  7 rats
652 creatures vanquished.

Vanquished Creatures (collateral kills)
  3 boulders
3 creatures vanquished.

Vanquished Creatures (others)
  6 boulders
6 creatures vanquished.

Grand Total: 661 creatures vanquished

Notes
Turn   | Place    | Note
-------+----------+-------------------------------------------
     0 | D:1      | wvc the Gargoyle Earth Elementalist began the quest for the
                  | Orb.
     0 | D:1      | Reached XP level 1. HP: 10/10 MP: 3/3
   330 | D:1      | Reached XP level 2. HP: 15/15 MP: 3/5
   915 | D:2      | Reached XP level 3. HP: 19/19 MP: 1/6
  1113 | D:2      | Reached skill level 5 in Earth Magic
  1434 | D:2      | Found a shimmering altar of Xom.
  1552 | D:3      | Reached XP level 4. HP: 24/24 MP: 5/7
  1770 | D:3      | Found a basalt altar of Yredelemnul.
  1816 | D:3      | Reached XP level 5. HP: 22/28 MP: 3/9
  2023 | D:3      | Found a faded altar of an unknown god.
  2023 | D:3      | Found a shimmering altar of Xom.
  2030 | D:3      | Found a glowing golden altar of the Shining One.
  2034 | D:3      | Prayed at the altar of an unknown god.
  2034 | D:3      | Became a worshipper of Elyvilon the Healer
  2034 | D:3      | Reached * piety under Elyvilon
  2038 | D:3      | Found a faded altar of an unknown god.
  2040 | D:3      | Found a broken altar of Ashenzari.
  2286 | D:3      | Noticed Natasha
  2291 | D:3      | Killed Natasha
  2292 | D:3      | Reached XP level 6. HP: 26/32 MP: 8/11
  2358 | D:3      | Learned a level 3 spell: Stone Arrow
  2573 | D:3      | Found a shimmering blue altar of Sif Muna.
  2612 | D:3      | Noticed Natasha
  2617 | D:3      | Killed Natasha
  2797 | D:3      | Fell from the grace of Elyvilon
  2797 | D:3      | Became a worshipper of the Shining One
  3142 | D:4      | Found a glowing drain.
  3151 | Sewer    | Entered a sewer
  3482 | Sewer    | Reached XP level 7. HP: 34/36 MP: 10/13
  4132 | D:5      | Entered Level 5 of the Dungeon
  4146 | D:5      | Found a stormy altar of Qazlal.
  4221 | D:5      | Noticed an air elemental
  4226 | D:5      | Noticed a water elemental
  4229 | D:5      | Noticed a fire elemental
  4260 | D:5      | Reached * piety under the Shining One
  4321 | D:5      | Reached skill level 5 in Spellcasting
  4402 | D:5      | Reached XP level 8. HP: 41/41 MP: 10/15
  4461 | D:5      | Identified the +2 robe of the Sun {Fly}
  4802 | D:5      | Reached skill level 10 in Earth Magic
  4802 | D:5      | Reached skill level 1 in Conjurations
  4942 | D:5      | Noticed a slime creature
  4942 | D:5      | Noticed a slime creature
  5262 | D:5      | Killed a slime creature
  5263 | D:5      | Reached skill level 5 in Conjurations
  5267 | D:5      | Killed a slime creature
  5268 | D:5      | Reached XP level 9. HP: 25/45 MP: 8/16
  6136 | D:6      | You are sucked into a shaft and drop 2 floors!
  6214 | D:7      | Found a sand-covered staircase.
  6226 | Ossuary  | Entered an ossuary
  6256 | Ossuary  | Reached ** piety under the Shining One
  6684 | D:7      | Found a burning altar of Makhleb.
  7012 | D:7      | Found a shadowy altar of Dithmenos.
  7018 | D:7      | Learned a level 4 spell: Brom's Barrelling Boulder
  7130 | D:7      | Found a staircase to the Ecumenical Temple.
  7139 | D:7      | Reached skill level 10 in Conjurations
  7238 | D:7      | Identified the +6 short sword of the Wilderness {vamp,
                  | Will+}
  7399 | D:7      | Found an iron altar of Okawaru.
  8118 | Temple   | Entered the Ecumenical Temple
  8148 | D:8      | Reached *** piety under the Shining One
  8208 | D:8      | Reached XP level 10. HP: 58/58 MP: 15/17
  8325 | D:8      | Reached skill level 5 in Fighting
  8662 | D:8      | Found a hazy altar of Hepliaklqana.
  9188 | D:9      | Noticed a death yak
  9233 | D:9      | Noticed a death yak
  9233 | D:9      | Noticed a death yak
  9233 | D:9      | Found a staircase to the Lair.
  9402 | D:8      | Killed a death yak
  9601 | D:9      | Found an opulent altar of Gozag.
  9756 | D:9      | Found a sacrificial altar of Ru.
  9798 | D:9      | Noticed Joseph
  9840 | D:9      | Killed Joseph
 10229 | D:9      | Killed a death yak
 10245 | D:10     | Entered Level 10 of the Dungeon
 10439 | D:9      | Killed a death yak
 10440 | D:9      | Reached skill level 10 in Fighting
 10440 | D:9      | Reached skill level 1 in Armour
 10909 | D:10     | Reached XP level 11. HP: 72/72 MP: 5/19
 11359 | D:10     | Found a staircase to the Orcish Mines.
 11359 | D:10     | Reached **** piety under the Shining One
 11766 | D:10     | Found Omofoun's Magic Scroll Emporium.
 11791 | D:10     | Bought a scroll of fear for 52 gold pieces
 11791 | D:10     | Bought a scroll of revelation for 97 gold pieces
 11791 | D:10     | Bought a scroll of revelation for 97 gold pieces
 11791 | D:10     | Bought a scroll of teleportation for 39 gold pieces
 12194 | Orc:1    | Entered Level 1 of the Orcish Mines
 12460 | Lair:1   | Entered Level 1 of the Lair of Beasts
 12547 | Lair:1   | Noticed Amaemon
 12624 | Lair:1   | Killed Amaemon
 12655 | Lair:1   | Found a dark tunnel.
 12667 | Volcano  | Entered a volcano
 12801 | Volcano  | Noticed a salamander
 12801 | Volcano  | Noticed a hell knight
 12801 | Volcano  | Noticed a salamander
 12819 | Volcano  | Killed a salamander
 12825 | Volcano  | Killed a hell knight
 12862 | Volcano  | Killed a salamander
 13311 | Lair:1   | Reached XP level 12. HP: 77/77 MP: 15/24
 14139 | Lair:2   | Noticed a death yak
 14147 | Lair:2   | Noticed a death yak
 14149 | Lair:2   | Noticed a death yak
 14155 | Lair:1   | Killed a death yak
 14963 | Lair:2   | Found a staircase to the Snake Pit.
 15109 | Lair:2   | Noticed a boulder beetle
 15132 | Lair:2   | Killed a boulder beetle
 15308 | Lair:2   | Killed a death yak
 15309 | Lair:2   | Reached skill level 10 in Spellcasting
 15396 | Lair:2   | Killed a death yak
 15508 | Lair:2   | Found a staircase to the Shoals.
 16100 | Lair:3   | You fall into a shaft and drop 2 floors!
 16100 | Lair:5   | Entered Level 5 of the Lair of Beasts
 16244 | Lair:5   | Reached ***** piety under the Shining One
 16259 | Lair:5   | Reached XP level 13. HP: 82/82 MP: 17/28
 16329 | Lair:5   | Noticed a dire elephant
 16339 | Lair:5   | Killed a dire elephant
 16475 | Lair:5   | Noticed a dire elephant
 16476 | Lair:5   | Noticed a dire elephant
 16476 | Lair:5   | Noticed a dire elephant
 16819 | Lair:5   | Identified the +6 long sword "Ogotriy" {flame, MP+9 Str+5}
 16865 | Lair:5   | Noticed Nessos
 17883 | Lair:2   | Reached skill level 5 in Armour
 17943 | Lair:3   | Reached skill level 1 in Long Blades
 18346 | Lair:3   | Reached skill level 2 in Long Blades
 18510 | Lair:4   | Learned a level 4 spell: Sticky Flame
 18601 | Lair:4   | Reached skill level 3 in Long Blades
 18964 | Lair:4   | Reached skill level 4 in Long Blades
 19578 | Lair:4   | Reached skill level 5 in Long Blades
 19626 | Lair:4   | Reached skill level 6 in Long Blades
 19665 | Lair:4   | Gained mutation: Your large and strong wings let you fly.
                  | [Gargoyle growth]
 19665 | Lair:4   | Reached XP level 14. HP: 74/88 MP: 10/30
 20011 | Lair:4   | Reached skill level 7 in Long Blades
 20382 | Lair:4   | Reached skill level 8 in Long Blades
 20714 | Lair:5   | Reached skill level 9 in Long Blades
 21539 | Lair:5   | Killed Nessos
 21733 | Lair:5   | Reached skill level 10 in Long Blades
 22184 | Lair:5   | Reached ****** piety under the Shining One
 22372 | Lair:5   | Found a viscous altar of Jiyva.
 22373 | Lair:5   | Found a staircase to the Slime Pits.
 22576 | Lair:5   | Killed a dire elephant
 22577 | Lair:5   | Reached skill level 11 in Long Blades
 22650 | Lair:5   | Killed a dire elephant
 22651 | Lair:5   | Reached skill level 1 in Invocations
 23770 | Orc:2    | Entered Level 2 of the Orcish Mines
 24076 | Orc:2    | Paralysed by an ogre mage for 2 turns
 24110 | Orc:2    | Reached XP level 15. HP: 57/92 MP: 31/31
 24176 | Orc:2    | Found a staircase to the Elven Halls.
 24195 | Orc:2    | Reached skill level 12 in Long Blades
 24376 | Orc:2    | Found Tyidana's Magic Scroll Boutique.
 24795 | Orc:2    | Reached skill level 13 in Long Blades
 24905 | Orc:2    | Bought a scroll of teleportation for 48 gold pieces
 24905 | Orc:2    | Bought a scroll of immolation for 64 gold pieces
 25040 | Orc:2    | Found Orattu's Magic Scroll Emporium.
 25040 | Orc:2    | Found Kohyur's Magic Scroll Boutique.
 25041 | Orc:2    | Found Agequr's Antique Weapon Shop.
 25041 | Orc:2    | Found Modgheosm's Antique Weapon Emporium.
 25048 | Orc:2    | Bought a scroll of immolation for 52 gold pieces
 25048 | Orc:2    | Bought a scroll of teleportation for 39 gold pieces
 25048 | Orc:2    | Bought a scroll of immolation for 52 gold pieces
 25048 | Orc:2    | Bought a scroll of teleportation for 39 gold pieces
 25051 | Orc:2    | Bought a scroll of teleportation for 45 gold pieces
 25051 | Orc:2    | Bought a scroll of teleportation for 45 gold pieces
 25931 | D:11     | Noticed Gastronok
 25940 | D:11     | Killed Gastronok
 27012 | D:11     | Reached skill level 5 in Invocations
 27067 | D:12     | Reached skill level 14 in Long Blades
 27101 | D:12     | Reached skill level 1 in Fire Magic
 28205 | D:12     | Reached skill level 5 in Fire Magic
 28337 | D:12     | Identified the +7 quarterstaff of Luxury {flame, rCorr
                  | Str-2 Dex+8}
 28337 | D:12     | Identified the +7 flail "Rieducen" {protect, Str+2}
 28349 | D:12     | Learned a level 6 spell: Starburst
 28455 | D:13     | Noticed Urug
 28455 | D:13     | Found a gate to the Vaults.
 28677 | Snake:1  | Entered Level 1 of the Snake Pit
 29239 | Snake:1  | Reached XP level 16. HP: 97/97 MP: 30/32
 30114 | Snake:2  | Found a blossoming altar of Fedhas.
 30403 | Snake:1  | Learned a level 2 spell: Blink
 30800 | Snake:2  | Noticed a nagaraja
 30814 | Snake:2  | Killed a nagaraja
 30992 | Snake:2  | Shot with a bolt by a naga sharpshooter

Illustrated notes

Levels and vault maps discovered:
D:1:      tarquinn_simple_flora_water_c, layout_basic
D:2:      layout_rooms, basic_altar, minmay_misc_feat_iff
D:3:      kennysheep_six_static_rooms, layout_loops_ring,
          chequers_temple_overflow_minitemple, nicolae_yredelemnul_corpse_copse,
          nicolae_sif_muna_little_library, uniq_natasha
D:4:      layout_rooms, serial_glass, glass_columns_b, glass_columns_a,
          glass_columns_b, glass_columns_c, glass_columns_c, glass_columns_a,
          glass_columns_a, glass_columns_b, portal_sewer_entry_d,
          nicolae_wormholes
D:5:      cheibrodos_fertilizer, layout_basic, nicolae_qazlal_style_of_elements
D:6:      layout_basic, hex_medium, minmay_strange_pillars
D:7:      layout_basic, mainiacjoe_overflow_alcove_4, kennysheep_mini_moat,
          nicolae_dithmenos_through_a_glass_darkly, minmay_temple_entry_oklob,
          enter_ossuary_3, minivault_23
D:8:      layout_basic, nicolae_overflow_crystal_walls
D:9:      layout_gridville, nicolae_ru_sacrificial_ziggurat,
          nicolae_gozag_seed_capital, dpeg_lair_monsters, serial_park_tiny_pond,
          uniq_joseph
D:10:     layout_irregular_city, kennysheep_orc_monster_closet_entryway,
          enter_bailey_2, serial_shops, nicolae_shop_peninsula,
          kennysheep_path_1
D:11:     layout_rooms, uniq_gastronok
D:12:     minmay_the_grid_3x2 [minmay_the_grid_tiny_cups,
          minmay_the_grid_zigzag_pyramid, minmay_the_grid_all_tris,
          minmay_the_grid_outer_circle, minmay_the_grid_minigrid_medium,
          minmay_the_grid_prize_shrinking_boxes], layout_gridville,
          serial_bayou_lagoon_a
D:13:     layout_roguey, david_vaults_3, gammafunk_ghost_spectres
Temple:   nicolae_temple_bog_church
Lair:1:   layout_gridlike, lightli_volcano_entry_magma_tube, uniq_amaemon
Lair:2:   layout_cave_shapes, elwin_shoals_entry_rocks,
          alex1729_snake_entry_snake, grunt_forest_small_clearing_treed,
          grunt_megastairs_4
Lair:3:   layout_cave_pods
Lair:4:   layout_cave_pods, special_room [special_room_mythical_zoo],
          kennysheep_rathole
Lair:5:   due_jungle_book, layout_misc_corridors, dpeg_slime_entry_corner,
          chequers_serial_rivers_micro_a, minivault_11, grunt_megastairs_2,
          lemuel_fruit_tree, uniq_nessos
Snake:1:  layout_gridlike
Snake:2:  layout_honeycomb, basic_altar
Orc:1:    layout_caves, basic_altar, nicolae_orc_flooded_monolith, rock_pile
Orc:2:    st_orc_ogre_mass, layout_diamond_mine, serial_shops, shop,
          abandoned_shop

Skill      XL: |  1  2  3  4  5  6  7  8  9 10 11 12 13 14 15 16 |
---------------+-------------------------------------------------+-----
Earth Magic    | 4 5 6 7 9 10 11 12 | 12.7
Spellcasting   | 3 4 5 8 11 12 | 12.9
Conjurations   | 6 10 12 | 12.0
Fighting       | 4 10 | 10.0
Armour         | 1 3 4 5 |  5.0
Long Blades    | 6 11 14 | 14.0
Invocations    | 2 5 |  5.0
Fire Magic     | 6 9 |  9.0
Dodging        | |  1.5
Stealth        | |  2.1
Transmutations | |  0.7

Action                     |  1- 3 |  4- 6 |  7- 9 | 10-12 | 13-15 | 16-18 || total
---------------------------+-------+-------+-------+-------+-------+-------++-------
  Melee: Unarmed           |     1 |       |       |       |       |       ||     1
         Staff             |       |     5 |     3 |     1 |       |     4 ||    13
         Spear             |       |       |       |     4 |     1 |       ||     5
         Long sword        |       |       |       |       |   316 |       ||   316
  Throw: Dart              |       |       |       |       |     2 |       ||     2
   Cast: Sandblast         |    49 |    85 |   178 |   199 |    96 |       ||   607
         Stone Arrow       |       |       |     7 |   154 |   650 |    91 ||   902
         Brom's Barrelling |       |       |     1 |    11 |       |       ||    12
         Blink             |       |       |       |       |       |     1 ||     1
 Invoke: Divine Shield     |       |       |       |     1 |     1 |       ||     2
  Evoke: Wand              |       |       |       |       |     1 |       ||     1
    Use: Scroll            |       |       |    25 |     8 |    10 |       ||    43
         Potion            |       |       |       |     9 |     8 |     1 ||    18
 Armour: Robe              |     6 |    40 |    91 |    40 |       |       ||   177
         Leather armour    |       |       |       |   109 |       |       ||   109
         Troll leather arm |       |       |       |    85 |   680 |    93 ||   858
         Chain mail        |       |       |       |     3 |       |       ||     3
         Skin              |       |       |       |       |    62 |       ||    62
  Dodge: Dodged            |     8 |    27 |    84 |   178 |   473 |    43 ||   813
  Block: Other             |       |       |       |     1 |       |       ||     1
         Orb               |       |       |       |       |    41 |    13 ||    54
         Reflection        |       |       |       |       |     9 |     2 ||    11

Table legend: (Time is in decaauts)
 A = Elapsed time spent in this place.
 B = Non-inter-level travel time spent in this place.
 C = Inter-level travel time spent in this place.
 D = Time resting spent in this place.
 E = Time spent auto-exploring this place.
 F = Levels seen in this place.
 G = Mean time per level.
                   A        B        C        D        E       F      G
               +--------+--------+--------+--------+--------+-----+--------+
         Total |  31465 |  29767 |   1698 |   7829 |  15875 |  26 | 1210.2 |
       Dungeon |  14929 |  13941 |    988 |   2190 |   9204 |  13 | 1148.4 |
        Temple |      1 |      1 |      0 |      0 |      0 |   1 |    1.0 |
          Lair |  10446 |   9920 |    526 |   3765 |   4025 |   5 | 2089.2 |
     Snake Pit |   2077 |   2052 |     25 |    789 |    905 |   2 | 1038.5 |
  Orcish Mines |   2284 |   2126 |    158 |    761 |    804 |   2 | 1142.0 |
         Sewer |    983 |    983 |      0 |     64 |    730 |   1 |  983.0 |
       Ossuary |    376 |    376 |      0 |     40 |    154 |   1 |  376.0 |
       Volcano |    365 |    365 |      0 |    218 |     52 |   1 |  365.0 |
               +--------+--------+--------+--------+--------+-----+--------+

Top non-repeatable levels by time:
  Lair:5: 3547 daAuts
    D:10: 2233 daAuts
  Lair:4: 2004 daAuts
    D:12: 1989 daAuts
  Lair:2: 1822 daAuts
  Lair:1: 1731 daAuts
 Snake:1: 1482 daAuts
     D:8: 1340 daAuts
  Lair:3: 1340 daAuts
     D:5: 1339 daAuts
   Orc:2: 1336 daAuts
     D:7: 1318 daAuts
     D:9: 1275 daAuts
     D:3: 1232 daAuts
    D:11: 1084 daAuts
